 Dungeon Crawl Stone Soup version 0.28-a0-1493-g08698888e4 (webtiles) character file.

Game seed: 133541376476954461

9902 oldriver the Nimble (level 11, -7/86 HPs)
             Began as a Gnoll Gladiator on Jan 13, 2022.
             Was an Initiate of Gozag.
             Mangled by a seven-headed hydra (8 damage)
             ... on level 9 of the Dungeon.
             The game lasted 00:20:11 (11713 turns).

oldriver the Nimble (Gnoll Gladiator)              Turns: 11713, Time: 00:20:11

Health: -7/86      AC:  8    Str: 25    XL:     11   Next: 53%
Magic:  20/20      EV: 14    Int:  7    God:    Gozag
Gold:   333        SH: 15    Dex: 14    Spells: 23/23 levels left

rFire   + + +      SeeInvis .   P - +3 flail
rCold   + + .      Faith    .   M - +0 kite shield
rNeg    + . .      Spirit   .   o - +1 troll leather armour {Pargi}
rPois   .          Reflect  +   m - +0 helmet
rElec   .          Harm     .   k - scarf {rC+ rF+}
rCorr   .          Rampage  .   O - +0 pair of fencer's gloves {Riposte Dex+3}
Will    .....                   (no boots)
Stlth   +++.......              j - amulet "Idyig" {Reflect rF++ Will- Str+8 Dex-4 SH+5}
HPRegen 1.04/turn               l - ring of positive energy
MPRegen 0.17/turn               b - ring of protection from cold

@: no status effects
A: fangs 1, strong nose, distributed training
a: Renounce Religion, Potion Petition, Call Merchant, Bribe Branch


You were on level 9 of the Dungeon.
You worshipped Gozag.
Gozag was aware of your devotion.
You visited 2 branches of the dungeon, and saw 11 of its levels.
You also visited: Sewer, Ossuary and Bailey.

You collected 549 gold pieces.
You paid 216 gold pieces to Gozag.

Inventory:

Hand Weapons
 a - a +0 long sword of venom
 P - a +3 flail (weapon)
Missiles
 d - 3 throwing nets
 h - 65 poisoned darts
 x - 6 javelins (quivered)
 H - 3 datura-tipped darts
 L - 21 boomerangs
Armour
 k - a scarf of resistance (worn)
 m - a +0 helmet (worn)
 o - a +1 troll leather armour (worn) {Pargi}
 M - a +0 kite shield (worn)
 O - the +0 pair of fencer's gloves (worn) {Riposte Dex+3}
   (You found it in a bailey)

   It allows the wearer to riposte with melee weapons, swiftly retaliating
   against missed attacks.
   Dex:       It affects your dexterity (+3).
Jewellery
 b - a ring of protection from cold (right hand)
 j - the amulet "Idyig" (around neck) {Reflect rF++ Will- Str+8 Dex-4 SH+5}
   (You acquired it on level 7 of the Dungeon)

   [amulet of reflection]

   It reflects blocked missile attacks.
   Str:       It affects your strength (+8).
   Dex:       It affects your dexterity (-4).
   rF:        It greatly protects you from fire.
   SH:        It affects your SH (+5).
   Will:      It decreases your willpower.
 l - a ring of positive energy (left hand)
Wands
 y - a wand of iceblast (5)
 z - a wand of flame (31)
 D - a wand of charming (2)
 F - a wand of paralysis (15)
 I - a wand of polymorph (4)
Scrolls
 f - 2 scrolls of fear
 p - 5 scrolls of enchant armour
 w - 4 scrolls of fog
 A - 3 scrolls of teleportation
 B - a scroll of summoning
 E - 2 scrolls of noise
 J - 2 scrolls of blinking
 K - 2 scrolls of enchant weapon
 N - a scroll of identify
Potions
 c - 6 potions of mutation
 g - 2 potions of invisibility
 i - 2 potions of flight
 n - 4 potions of ambrosia
 q - 6 potions of heal wounds
 r - 5 potions of curing
 s - 2 potions of might
 t - 2 potions of cancellation
 u - 2 potions of haste
 v - 2 potions of magic
 C - a potion of degeneration
 G - a potion of brilliance


   Skills:
 + Level 8.1 Fighting
 + Level 6.6 Short Blades
 + Level 9.4 Long Blades
 + Level 6.6 Axes
 + Level 6.6 Maces & Flails
 + Level 6.6 Polearms
 + Level 6.6 Staves
 + Level 6.6 Slings
 + Level 6.6 Bows
 + Level 6.6 Crossbows
 + Level 8.1 Throwing
 + Level 6.6 Armour
 + Level 9.4 Dodging
 + Level 6.6 Stealth
 + Level 6.6 Shields
 + Level 6.6 Unarmed Combat
 + Level 6.6 Spellcasting
 + Level 5.4 Conjurations
 + Level 5.4 Hexes
 + Level 5.4 Summonings
 + Level 5.4 Necromancy
 + Level 5.4 Translocations
 + Level 5.4 Transmutations
 + Level 5.4 Fire Magic
 + Level 5.4 Ice Magic
 + Level 5.4 Air Magic
 + Level 5.4 Earth Magic
 + Level 5.4 Poison Magic
 + Level 7.2 Invocations
 + Level 6.6 Evocations


You had 23 spell levels left.
You didn't know any spells.
Your spell library contained the following spells:

 Spells                   Type           Power      Damage    Failure   Level
 Freeze                   Ice            36%        1d6       8%          1
 Magic Dart               Conj           36%        1d4       8%          1
 Pain                     Necr           36%        1d5       8%          1
 Summon Small Mammal      Summ           36%        N/A       8%          1
 Call Imp                 Summ           9%         N/A       12%         2
 Static Discharge         Conj/Air       9%         N/A       12%         2
 Call Canine Familiar     Summ           9%         N/A       22%         3
 Frozen Ramparts          Ice            18%        1d3       22%         3
 Gell's Gravitas          Tloc           9%         N/A       22%         3
 Lesser Beckoning         Tloc           9%         N/A       22%         3
 Mephitic Cloud           Conj/Pois/Air  9%         N/A       22%         3
 Summon Guardian Golem    Hex/Summ       9%         N/A       22%         3
 Teleport Other           Tloc           9%         N/A       22%         3
 Airstrike                Air            4%         N/A       58%         4
 Hailstorm                Conj/Ice       9%         3d4       58%         4
 Summon Lightning Spire   Summ/Air       9%         N/A       58%         4
 Agony                    Necr           9%         N/A       91%         5
 Excruciating Wounds      Necr           4%         N/A       91%         5
 Lightning Bolt           Conj/Air       4%         1d16      91%         5
 Malign Gateway           Summ/Tloc      4%         N/A       100%        7


Dungeon Overview and Level Annotations

Branches:
Dungeon (10/15)            Temple (1/1) D:7           Sewer (visited)
Ossuary (visited)          Bailey (visited)
   Lair: D:8-11         Orc: D:9-12

Altars:
Ashenzari
Cheibriados
Dithmenos
Elyvilon
Fedhas
Gozag
Hepliaklqana
Kikubaaqudgha
Makhleb
Nemelex Xobeh
Okawaru
Qazlal
Ru
Sif Muna
Trog
Uskayaw
Vehumet
Wu Jian
Xom
Yredelemnul
Zin
The Shining One

Shops:
D:3 (


Innate Abilities, Weirdness & Mutations

You have very sharp teeth.
Your uncanny sense of smell can sniff out nearby items.
Your experience applies equally to all skills.


Message History

The seven-headed hydra bites you but does no damage.
You block the seven-headed hydra's attack.
The seven-headed hydra bites you!
The seven-headed hydra closely misses you.
You barely miss the seven-headed hydra.
Your bite misses the seven-headed hydra.
The seven-headed hydra is almost dead.
You block the seven-headed hydra's attack.
The seven-headed hydra closely misses you.
The seven-headed hydra bites you but does no damage.
The seven-headed hydra closely misses you.
The seven-headed hydra bites you.
You block the seven-headed hydra's attack.
The seven-headed hydra bites you but does no damage.
Unknown command.
You hit the seven-headed hydra.
The seven-headed hydra is almost dead.
The seven-headed hydra bites you but does no damage. x2
You block the seven-headed hydra's attack. x2
The seven-headed hydra bites you but does no damage.
The seven-headed hydra bites you!
The seven-headed hydra bites you but does no damage.
You are too injured to fight recklessly!
You barely miss the seven-headed hydra.
The seven-headed hydra is almost dead.
You block the seven-headed hydra's attack.
The seven-headed hydra barely misses you.
The seven-headed hydra bites you!
* * * LOW HITPOINT WARNING * * *
The seven-headed hydra closely misses you.
The seven-headed hydra bites you.
* * * LOW HITPOINT WARNING * * *
The seven-headed hydra bites you.
* * * LOW HITPOINT WARNING * * *
The seven-headed hydra bites you!
* * * LOW HITPOINT WARNING * * *
You block the seven-headed hydra's attack.
The seven-headed hydra bites you!
You die...
Your body crumbles into a pile of gold.

.....#....#####.#
#.......
.....#.......##.#
#.######
.....#.......##'#### #.#
#####.....)..#.....# #.#
#........#.....# #.#
+........#.....# #.#
#........#.....# #.#
#........#.....# #.#
#......###..@..#######.#
......## #..D..........#
#####.. ###..#########.#
#....# ### #.##.# ♣###.#
♣♣♣.♣♣♣##[# ..(/$..'.(#
♣♣♣?♣♣♣####


You could see a seven-headed hydra.

Vanquished Creatures
  Joseph (D:7)
  Grinder (D:3)
  A wyvern (D:9)
  A shadow (D:9)
  A basilisk (D:8)
  A steam dragon (D:7)
  A water moccasin (D:6)
  Pargi (Sewer)
  7 orc warriors
  2 sky beasts
  4 ogres
  3 black bears
  2 necrophages (D:5)
  6 centaurs
  2 elf zombies (D:7)
  2 phantoms (D:6)
  2 bullfrogs
  2 gnoll sergeants
  2 elf skeletons (D:7)
  2 scorpions (D:4)
  3 water moccasin skeletons
  A troll zombie (Ossuary)
  6 killer bees (D:8)
  A howler monkey (D:5)
  A lava snake (D:8)
  4 centaur zombies
  4 jellies
  5 orc priests
  2 hounds
  A bullfrog skeleton (D:6)
  Natasha (D:3)
  5 orc wizards
  3 ogre zombies (Ossuary)
  2 hound skeletons
  7 mummies (Ossuary)
  A howler monkey zombie (D:9)
  5 adders
  16 gnolls
  2 howler monkey skeletons
  2 river rats (D:4)
  A white imp (D:7)
  2 ufetubi
  6 adder zombies (Ossuary)
  2 adder skeletons (D:4)
  3 worms (D:4)
  5 dart slugs
  36 orcs
  2 endoplasms
  2 giant cockroaches
  12 goblins
  15 hobgoblins
  9 jackals
  6 quokkas
  4 ball pythons
  5 bats
  11 frilled lizards
  6 goblin zombies (Ossuary)
  3 hobgoblin zombies (Ossuary)
  17 kobolds
  5 kobold zombies (Ossuary)
  An orc skeleton (D:7)
  2 orc zombies
  3 quokka zombies (Ossuary)
  10 rats
  A rat zombie (Ossuary)
285 creatures vanquished.

Vanquished Creatures (others)
  34 plants (D:10)
34 creatures vanquished.

Grand Total: 319 creatures vanquished

Notes
Turn   | Place    | Note
-------+----------+-------------------------------------------
     0 | D:1      | oldriver the Gnoll Gladiator began the quest for the Orb.
     0 | D:1      | Reached XP level 1. HP: 20/20 MP: 1/1
    92 | D:1      | Reached XP level 2. HP: 26/26 MP: 2/2
   713 | D:1      | Reached XP level 3. HP: 31/31 MP: 3/3
   748 | D:2      | Found a faded altar of an unknown god.
   787 | D:2      | Reached skill level 1 in Invocations
  1109 | D:2      | Reached skill level 1 in Short Blades
  1109 | D:2      | Reached skill level 1 in Axes
  1109 | D:2      | Reached skill level 1 in Maces & Flails
  1109 | D:2      | Reached skill level 1 in Polearms
  1109 | D:2      | Reached skill level 1 in Staves
  1109 | D:2      | Reached skill level 1 in Slings
  1109 | D:2      | Reached skill level 1 in Bows
  1109 | D:2      | Reached skill level 1 in Crossbows
  1109 | D:2      | Reached skill level 1 in Armour
  1109 | D:2      | Reached skill level 1 in Stealth
  1109 | D:2      | Reached skill level 1 in Shields
  1109 | D:2      | Reached skill level 1 in Unarmed Combat
  1109 | D:2      | Reached skill level 1 in Spellcasting
  1109 | D:2      | Reached skill level 1 in Evocations
  1378 | D:2      | Reached XP level 4. HP: 38/38 MP: 5/5
  2012 | D:3      | Noticed a bullfrog
  2043 | D:3      | Killed a bullfrog
  2044 | D:3      | Reached skill level 1 in Conjurations
  2044 | D:3      | Reached skill level 1 in Hexes
  2044 | D:3      | Reached skill level 1 in Summonings
  2044 | D:3      | Reached skill level 1 in Necromancy
  2044 | D:3      | Reached skill level 1 in Translocations
  2044 | D:3      | Reached skill level 1 in Transmutations
  2044 | D:3      | Reached skill level 1 in Fire Magic
  2044 | D:3      | Reached skill level 1 in Ice Magic
  2044 | D:3      | Reached skill level 1 in Air Magic
  2044 | D:3      | Reached skill level 1 in Earth Magic
  2044 | D:3      | Reached skill level 1 in Poison Magic
  2044 | D:3      | Reached XP level 5. HP: 29/43 MP: 5/7
  2320 | D:3      | Found a shimmering blue altar of Sif Muna.
  2426 | D:3      | Found Pirigi's Weapon Shoppe.
  2668 | D:3      | Got the Almanac of Excruciating Creation
  2857 | D:3      | Noticed Natasha
  2863 | D:3      | Killed Natasha
  2958 | D:3      | Reached XP level 6. HP: 32/50 MP: 8/8
  3082 | D:3      | Noticed Grinder
  3099 | D:3      | Killed Grinder
  3100 | D:3      | Reached skill level 5 in Fighting
  3100 | D:3      | Reached skill level 5 in Throwing
  3100 | D:3      | Reached XP level 7. HP: 26/56 MP: 8/10
  3746 | D:4      | Found a glowing drain.
  3754 | Sewer    | Entered a sewer
  3820 | Sewer    | Noticed Pargi
  3825 | Sewer    | Killed Pargi
  4490 | D:4      | Reached XP level 8. HP: 63/63 MP: 12/12
  5062 | D:5      | Entered Level 5 of the Dungeon
  5718 | D:5      | Reached XP level 9. HP: 69/69 MP: 14/14
  6464 | D:6      | Reached skill level 5 in Invocations
  6731 | D:7      | Found a sand-covered staircase.
  6759 | Ossuary  | Entered an ossuary
  6879 | Ossuary  | Reached XP level 10. HP: 35/77 MP: 17/17
  7351 | D:7      | You fall into a shaft and drop 3 floors!
  7351 | D:10     | Entered Level 10 of the Dungeon
  7551 | D:10     | Noticed a red ugly thing
  7623 | D:8      | Found a flagged portal.
  7684 | Bailey   | Entered a bailey
  7709 | Bailey   | Noticed an orc warlord
  7709 | Bailey   | Found the +0 pair of fencer's gloves {Riposte Dex+3}
  7888 | Bailey   | Reached skill level 5 in Short Blades
  7888 | Bailey   | Reached skill level 5 in Axes
  7888 | Bailey   | Reached skill level 5 in Maces & Flails
  7888 | Bailey   | Reached skill level 5 in Polearms
  7888 | Bailey   | Reached skill level 5 in Staves
  7888 | Bailey   | Reached skill level 5 in Slings
  7888 | Bailey   | Reached skill level 5 in Bows
  7888 | Bailey   | Reached skill level 5 in Crossbows
  7888 | Bailey   | Reached skill level 5 in Armour
  7888 | Bailey   | Reached skill level 5 in Stealth
  7888 | Bailey   | Reached skill level 5 in Shields
  7888 | Bailey   | Reached skill level 5 in Unarmed Combat
  7888 | Bailey   | Reached skill level 5 in Spellcasting
  7888 | Bailey   | Reached skill level 5 in Evocations
  8197 | Bailey   | Found a runed translucent gate.
  8197 | Bailey   | Found a runed translucent gate.
  8197 | Bailey   | Found a runed translucent gate.
  8655 | Bailey   | Identified the +1 plate armour of Kagrau {rN+}
  8771 | D:8      | Reached skill level 5 in Conjurations
  8771 | D:8      | Reached skill level 5 in Hexes
  8771 | D:8      | Reached skill level 5 in Summonings
  8771 | D:8      | Reached skill level 5 in Necromancy
  8771 | D:8      | Reached skill level 5 in Translocations
  8771 | D:8      | Reached skill level 5 in Transmutations
  8771 | D:8      | Reached skill level 5 in Fire Magic
  8771 | D:8      | Reached skill level 5 in Ice Magic
  8771 | D:8      | Reached skill level 5 in Air Magic
  8771 | D:8      | Reached skill level 5 in Earth Magic
  8771 | D:8      | Reached skill level 5 in Poison Magic
  8771 | D:8      | Reached XP level 11. HP: 86/86 MP: 17/20
  9085 | D:8      | Found a blossoming altar of Fedhas.
  9092 | D:8      | Found an ornate altar of the Wu Jian Council.
  9457 | D:8      | Found a glowing golden altar of the Shining One.
  9457 | D:8      | Found a shadowy altar of Dithmenos.
  9464 | D:8      | Found a stormy altar of Qazlal.
  9466 | D:8      | Found a white marble altar of Elyvilon.
  9468 | D:8      | Found a shimmering altar of Xom.
  9936 | D:7      | Found a staircase to the Ecumenical Temple.
 10077 | Temple   | Entered the Ecumenical Temple
 10140 | Temple   | Became a worshipper of Gozag Ym Sagoz the Greedy
 10375 | D:7      | Noticed Joseph
 10464 | D:7      | Paralysed by Joseph for 2 turns
 10468 | D:7      | Killed Joseph
 10513 | D:7      | Identified a scroll of acquirement
 10513 | D:7      | Acquired the amulet "Idyig" {Reflect rF++ Will- Str+8 Dex-4
                  | SH+5}
 10867 | D:9      | Noticed a six-headed hydra
 11713 | D:9      | HP: 1/86 [seven-headed hydra (10)]
 11713 | D:9      | Mangled by a seven-headed hydra

Illustrated notes

Levels and vault maps discovered:
D:1:      nzn_arrival_depleted_hourglass, layout_basic,
          corexii_item_surrounded_by_moat, chequers_decorated_corner
D:2:      wander_river, layout_loops_ring,
          hellmonk_ecumenical_altar_pennies_from_heaven, corexii_corridor_pit,
          nrook_campfire, dk_noncrumbling_2
D:3:      layout_basic, lemuel_blue_sif_altar, serial_shops,
          nicolae_shop_bloodbath_and_beyond, uniq_grinder, uniq_natasha
D:4:      layout_loops_ring, lightli_sewer_entry_pipes,
          hangedman_feature_mirror, minmay_unequal
D:5:      layout_basic
D:6:      layout_cave_pools
D:7:      layout_loops_cross, minmay_temple_entry_large_hall,
          nicolae_ossuary_entry_catacombs, chequers_jeans, uniq_joseph
D:8:      layout_cave_pods, chequers_temple_overflow_minitemple,
          grunt_temple_overflow_open, enter_bailey_2, kennysheep_island_fort
D:9:      wad_statue_garden, layout_basic, kennysheep_small_circle
D:10:     cheibrodos_shockbox, layout_grid_maze, david_lair_shrubbed
Temple:   jpeg_temple_clearing

Skill      XL: |  1  2  3  4  5  6  7  8  9 10 11 |
---------------+----------------------------------+-----
Invocations    | 1 2 3 4 5 6 7 |  7.2
Short Blades   | 1 2 3 4 6 |  6.6
Axes           | 1 2 3 4 6 |  6.6
Maces & Flails | 1 2 3 4 6 |  6.6
Polearms       | 1 2 3 4 6 |  6.6
Staves         | 1 2 3 4 6 |  6.6
Slings         | 1 2 3 4 6 |  6.6
Bows           | 1 2 3 4 6 |  6.6
Crossbows      | 1 2 3 4 6 |  6.6
Armour         | 1 2 3 4 6 |  6.6
Stealth        | 1 2 3 4 6 |  6.6
Shields        | 1 2 3 4 6 |  6.6
Unarmed Combat | 1 2 3 4 6 |  6.6
Spellcasting   | 1 2 3 4 6 |  6.6
Evocations     | 1 2 3 4 6 |  6.6
Conjurations   | 1 2 3 5 |  5.4
Hexes          | 1 2 3 5 |  5.4
Summonings     | 1 2 3 5 |  5.4
Necromancy     | 1 2 3 5 |  5.4
Translocations | 1 2 3 5 |  5.4
Transmutations | 1 2 3 5 |  5.4
Fire Magic     | 1 2 3 5 |  5.4
Ice Magic      | 1 2 3 5 |  5.4
Air Magic      | 1 2 3 5 |  5.4
Earth Magic    | 1 2 3 5 |  5.4
Poison Magic   | 1 2 3 5 |  5.4
Fighting       | 5 6 7 8 |  8.1
Throwing       | 5 6 7 8 |  8.1
Long Blades    | 7 8 9 |  9.4
Dodging        | 7 8 9 |  9.4

Action                   |  1- 3 |  4- 6 |  7- 9 | 10-12 || total
-------------------------+-------+-------+-------+-------++-------
Melee: Long sword        |   102 |    92 |    72 |   110 ||   376
       Bite              |     5 |     7 |    30 |    37 ||    79
       Punch             |     1 |     1 |     2 |       ||     4
       Quarterstaff      |       |       |   274 |   125 ||   399
       Flail             |       |       |       |     4 ||     4
Throw: Dart              |       |    16 |    51 |    17 ||    84
       Throwing net      |       |     1 |       |     1 ||     2
       Javelin           |       |       |       |     5 ||     5
  Use: Scroll            |       |       |     8 |    18 ||    26
       Potion            |       |       |       |     1 ||     1
 Stab: Sleeping          |     1 |       |    19 |     8 ||    28
       Distracted        |       |       |     2 |     1 ||     3
Armor: Leather armour    |    31 |    23 |    17 |       ||    71
       Troll leather arm |       |       |    45 |    59 ||   104
Dodge: Dodged            |   102 |    74 |   247 |   157 ||   580
Block: Kite shield       |       |       |       |    83 ||    83
       Rpst.: Quarterstaff |       |       |       |    10 ||    10
       Long sword        |       |       |       |     9 ||     9

Table legend: (Time is in decaauts)
 A = Elapsed time spent in this place.
 B = Non-inter-level travel time spent in this place.
 C = Inter-level travel time spent in this place.
 D = Time resting spent in this place.
 E = Time spent auto-exploring this place.
 F = Levels seen in this place.
 G = Mean time per level.
                   A        B        C        D        E       F      G
               +--------+--------+--------+--------+--------+-----+--------+
         Total |  11880 |  11313 |    567 |   1189 |   7018 |  14 |  848.6 |
       Dungeon |   9994 |   9461 |    533 |    655 |   6442 |  10 |  999.4 |
        Temple |    130 |     96 |     34 |      0 |     82 |   1 |  130.0 |
         Sewer |    249 |    249 |      0 |     49 |     68 |   1 |  249.0 |
       Ossuary |    507 |    507 |      0 |     49 |    235 |   1 |  507.0 |
        Bailey |    997 |    997 |      0 |    436 |    190 |   1 |  997.0 |
               +--------+--------+--------+--------+--------+-----+--------+

Top non-repeatable levels by time:
     D:8: 1811 daAuts
     D:3: 1599 daAuts
     D:4: 1430 daAuts
     D:2: 1133 daAuts
  Bailey: 997 daAuts
     D:5: 894 daAuts
     D:1: 782 daAuts
     D:7: 780 daAuts
     D:6: 767 daAuts
     D:9: 590 daAuts
 Ossuary: 507 daAuts
   Sewer: 249 daAuts
    D:10: 203 daAuts
  Temple: 130 daAuts
